 Dungeon Crawl Stone Soup version 0.29-a0-474-gdfe5cd140f (webtiles) character file.

Game seed: 10336554246099234255

1171 ders the Ducker (level 8, -15/50 HPs)
             Began as a Djinni Conjurer on May 23, 2022.
             Was an Initiate of Ashenzari.
             Killed by an exploding fulminant prism (19 damage)
             ... on level 6 of the Dungeon.
             The game lasted 00:09:30 (6326 turns).

ders the Ducker (Djinni Conjurer)                   Turns: 6326, Time: 00:09:31

Health: -15/50     AC: 10    Str:  6    XL:     8   Next: 68%
Gold:   268        EV: 14    Int: 25    God:    Ashenzari [......] SH:  0 Dex: 12

rFire   + + .      SeeInvis .   y - +6 falchion of the Boar {elec, Int+3}
rCold   x . .      Faith    .   (no shield)
rNeg    . . .      Spirit   .   o - +2 robe {Will+}
rPois   ∞          Reflect  .   c - +0 helmet
rElec   .          Harm     .   g - +0 cloak
rCorr   .          Rampage  .   (no gloves)
Will    +....                   (boots unavailable)
Stlth   +++.......              (no amulet)
HPRegen 0.16/turn               e - +4 ring of protection
MPRegen 0.00/turn               (no ring)

@: flying
A: sickness immunity, fire resistance 2, cold vulnerability 1, float, innate
caster, HP casting, extra vitality 1
a: Renounce Religion, Curse Item


You were on level 6 of the Dungeon.
You worshipped Ashenzari.
Ashenzari was noncommittal.
You visited 1 branch of the dungeon, and saw 6 of its levels.

You collected 268 gold pieces.

Inventory:

Hand Weapons
 y - the +6 falchion of the Boar (weapon) {elec, Int+3}
   (You found it on level 5 of the Dungeon)

   It occasionally discharges a powerful burst of electricity upon striking a
   foe.
   Int:       It affects your intelligence (+3).
Missiles
 n - a throwing net
Armour
 c - a +0 helmet (worn)
 d - a +0 buckler
 g - a +0 cloak (worn)
 o - a +2 robe of willpower (worn)
Jewellery
 e - a +4 ring of protection (left hand)
 s - a +6 ring of strength
 x - a ring of fire
Wands
 a - a wand of polymorph (15)
Scrolls
 b - 3 scrolls of enchant armour {unknown}
 f - 3 scrolls of immolation {unknown}
 i - 2 scrolls of vulnerability {unknown}
 l - a scroll of enchant weapon {unknown}
 p - a scroll of torment {unknown}
 t - a scroll of magic mapping {unknown}
 u - a scroll of amnesia {unknown}
 v - 2 scrolls of teleportation
 w - 3 scrolls of identify {unknown}
Potions
 h - a potion of brilliance {unknown}
 j - 3 potions of cancellation {unknown}
 k - 2 potions of flight {unknown}
 m - a potion of curing {unknown}
 q - 3 potions of heal wounds {unknown}
 r - a potion of lignification {unknown}
 z - a potion of mutation {unknown}


   Skills:
 + Level 6.4 Dodging
 + Level 5.3 Stealth
 + Level 5.4 Spellcasting


You couldn't memorise any spells.
You knew the following spells:

 Your Spells              Type           Power      Damage    Failure   Level
a - Magic Dart            Conj           100%       1d8       1%          1
b - Searing Ray           Conj           66%        2d6       1%          2
c - Dazzling Flash        Conj/Hex       66%        N/A       2%          3
d - Fulminant Prism       Conj/Hex       16%        3d11      9%          4
e - Iskenderun's Mystic   Conj/Tloc      33%        2d8       9%          4
f - Beastly Appendage     Tmut           66%        N/A       1%          1
g - Call Imp              Summ           33%        N/A       1%          2
h - Blink                 Tloc           66%        N/A       1%          2
Your spell library was empty.

Dungeon Overview and Level Annotations

Branches:
Dungeon (6/15)             Temple (0/1) D:5

Altars:
Ashenzari


Innate Abilities, Weirdness & Mutations

You are immune to sickness and miasma.
You are immune to poison.
Your flesh is very heat resistant. (rF++)
You are vulnerable to cold. (rC-)
You float through the air rather than walking.
You learn spells naturally, not from books.
Your magical power is your life essence.
You have superior vitality. (+4 MHP)


Message History

You kill the yak!
* * * LOW HITPOINT WARNING * * *
Casting: Iskenderun's Mystic Blast (dangerous; 9% risk of failure)
Confirm with . or Enter, or press ? or * to list all spells.
You can't see any susceptible monsters within range! (Use Z to cast anyway.)
Casting: Iskenderun's Mystic Blast (dangerous; 9% risk of failure)
Confirm with . or Enter, or press ? or * to list all spells.
Aiming: Fulminant Prism (dangerous; 9% risk of failure)
Press: ? - help, Dir - move target You conjure a prism of explosive energy!
* * * LOW HITPOINT WARNING * * *
A fulminant prism comes into view.
Your fulminant prism crackles loudly.
The yak gores your fulminant prism!
Your fulminant prism explodes!
The blast of energy engulfs the yak!
The yak is severely wounded.
Casting: Fulminant Prism (dangerous; 9% risk of failure)
Confirm with . or Enter, or press ? or * to list all spells.
Aiming: Fulminant Prism (dangerous; 9% risk of failure)
Press: ? - help, Dir - move target You conjure a prism of explosive energy!
* * * LOW HITPOINT WARNING * * *
A fulminant prism comes into view.
Your fulminant prism crackles loudly.
The yak gores your fulminant prism!
Your fulminant prism explodes!
The blast of energy engulfs the yak but does no damage.
The yak is severely wounded.
Casting: Fulminant Prism (dangerous; 9% risk of failure)
Confirm with . or Enter, or press ? or * to list all spells.
Aiming: Fulminant Prism (dangerous; 9% risk of failure)
Press: ? - help, Dir - move target You conjure a prism of explosive energy!
* * * LOW HITPOINT WARNING * * *
A fulminant prism comes into view.
Your fulminant prism crackles loudly.
You hear an explosion!
The blast of energy engulfs you!!
You die...

#.........#
#.####.##.#
#.##.#
#.##.#########
####.##.........#
#
#....#######.####
#.#.#### #.#
#.#.##########.#
#........@..##.#
###†#######.##.#
#.......# #*##.#
.. #.......#
#Y##.# .
#.......# #Y##.#
#. #.......#
#.##.# Y
#.......# #.##.#
#.
###.#######.##.#
#.#
#..........#.#


There were no monsters in sight!

Vanquished Creatures
  Sigmund (D:3)
  A yak (D:6)
  A water moccasin (D:5)
  A black bear (D:5)
  A phantom (D:4)
  A kobold brigand (D:5)
  A gnoll sergeant (D:5)
  2 jellies (D:5)
  An orc priest (D:5)
  3 hounds
  2 iguanas (D:5)
  7 adders
  5 gnolls (D:5)
  2 ufetubi
  4 dart slugs
  7 orcs
  10 endoplasms
  A giant cockroach (D:1)
  5 hobgoblins
  9 jackals
  9 kobolds
  7 quokkas
  8 ball pythons
  3 bats
  4 frilled lizards
  5 goblins
  5 rats
106 creatures vanquished.

Vanquished Creatures (others)
  18 fulminant prisms
18 creatures vanquished.

Grand Total: 124 creatures vanquished

Notes
Turn   | Place    | Note
-------+----------+-------------------------------------------
     0 | D:1      | ders the Djinni Conjurer began the quest for the Orb.
     0 | D:1      | Reached XP level 1. HP: 15/15 MP: 0/0
   196 | D:1      | Reached XP level 2. HP: 10/21 MP: 0/0
   621 | D:1      | Found a faded altar of an unknown god.
   831 | D:1      | Reached XP level 3. HP: 21/25 MP: 0/0
   831 | D:1      | Learned a level 1 spell: Beastly Appendage
  2091 | D:3      | Reached skill level 3 in Dodging
  2096 | D:3      | Reached XP level 4. HP: 22/31 MP: 0/0
  2763 | D:3      | Noticed Sigmund
  2768 | D:3      | Killed Sigmund
  2769 | D:3      | Reached skill level 4 in Dodging
  2769 | D:3      | Reached XP level 5. HP: 25/35 MP: 0/0
  2769 | D:3      | Learned a level 2 spell: Call Imp
  2769 | D:3      | Reached XP level 6. HP: 29/40 MP: 0/0
  3292 | D:4      | Found a broken altar of Ashenzari.
  3304 | D:4      | Became a worshipper of Ashenzari the Shackled
  3756 | D:4      | Identified the +4 hand axe of Trog's Condemnation
                  | {antimagic, +Blink Dex+5}
  4087 | D:4      | Reached XP level 7. HP: 27/45 MP: 0/0
  4087 | D:4      | Learned a level 2 spell: Blink
  4349 | D:5      | Entered Level 5 of the Dungeon
  4564 | D:5      | Identified the +6 falchion of the Boar {elec, Int+3}
  4579 | D:5      | Noticed a water moccasin
  4591 | D:5      | Killed a water moccasin
  4592 | D:5      | Reached skill level 5 in Dodging
  4645 | D:5      | Reached XP level 8. HP: 10/50 MP: 0/0
  5027 | D:5      | Reached skill level 5 in Spellcasting
  5455 | D:5      | Found a staircase to the Ecumenical Temple.
  5464 | D:5      | Reached skill level 6 in Dodging
  5771 | D:5      | Reached skill level 5 in Stealth
  6291 | D:6      | Noticed a yak
  6291 | D:6      | Noticed a yak
  6291 | D:6      | Noticed a yak
  6315 | D:6      | Killed a yak
  6326 | D:6      | Killed by an exploding fulminant prism

Illustrated notes

Levels and vault maps discovered:
D:1:      dpeg_arrival_arbitrary_b, layout_rooms,
          shapermc_ecumenical_altar_ellora
D:2:      layout_basic
D:3:      layout_rooms, uniq_sigmund
D:4:      layout_loops_ring, ashenzari_altar_1, dk_rats_in_the_wall
D:5:      layout_basic, minmay_temple_entry_hall
D:6:      layout_basic, ebering_ghost_sewer_d, serial_bayou,
          serial_bayou_shore_b, serial_bayou_crossing, serial_bayou_shore_a,
          serial_bayou_pond_b, eino_tiny_chamber

Skill      XL: |  1  2  3  4  5  6  7  8 |
---------------+-------------------------+-----
Stealth        | 2 3 4 5 |  5.3
Dodging        | 3 4 5 6 |  6.4
Spellcasting   | 4 5 |  5.4

Action                   |  1- 3 |  4- 6 |  7- 9 || total
-------------------------+-------+-------+-------++-------
Melee: Falchion          |       |       |     5 ||     5
 Cast: Magic Dart        |    83 |   100 |    36 ||   219
       Iskenderun's Myst |       |     3 |    13 ||    16
       Fulminant Prism   |       |     1 |    17 ||    18
       Searing Ray       |       |     7 |    24 ||    31
  Use: Scroll            |     1 |       |       ||     1
Armor: Robe              |     2 |    12 |     8 ||    22
Dodge: Dodged            |     5 |    15 |    18 ||    38

Table legend: (Time is in decaauts)
 A = Elapsed time spent in this place.
 B = Non-inter-level travel time spent in this place.
 C = Inter-level travel time spent in this place.
 D = Time resting spent in this place.
 E = Time spent auto-exploring this place.
 F = Levels seen in this place.
 G = Mean time per level.
                   A        B        C        D        E       F      G
               +--------+--------+--------+--------+--------+-----+--------+
         Total |   6325 |   6226 |     99 |    868 |   4735 |   6 | 1054.2 |
       Dungeon |   6325 |   6226 |     99 |    868 |   4735 |   6 | 1054.2 |
               +--------+--------+--------+--------+--------+-----+--------+

Top non-repeatable levels by time:
     D:5: 1500 daAuts
     D:4: 1292 daAuts
     D:3: 1213 daAuts
     D:1: 1195 daAuts
     D:2: 881 daAuts
     D:6: 241 daAuts
